 Dungeon Crawl Stone Soup version 0.27-a0-1188-g73eefd5def (webtiles) character file.

Game seed: 13094536811422139100

14114 Glokmah the Cleaver (level 11, -1/92 HPs)
             Began as a Demonspawn Monk on May 22, 2021.
             Was an Elder of Ru.
             Slain by a komodo dragon (12 damage)
             ... while petrified by a basilisk
             ... on level 3 of the Lair of Beasts.
             The game lasted 00:23:32 (12886 turns).

Glokmah the Cleaver (Demonspawn Monk)              Turns: 12886, Time: 00:23:33

Health: -1/92      AC: 13    Str: 14    XL:     11   Next: 84%
Magic:  8/11       EV:  2    Int: 11    God:    Ru [****..]
Gold:   615        SH:  0    Dex: 23    Spells: 10/10 levels left

rFire    . . .     SeeInvis .   a - +3 war axe (vamp)
rCold    . . .     Faith    +   (no shield)
rNeg     + + +     Spirit   .   e - +2 leather armour {rPois}
rPois    ∞         Reflect  .   t - +1 helmet
rElec    .         Harm     .   u - +1 cloak
rCorr    .         Rampage  .   o - +2 pair of gloves
Will     .....                  (no boots)
Stlth    ..........             d - amulet of faith
HPRegen  0.25/turn              F - +6 ring of dexterity
MPRegen  0.12/turn              j - ring of positive energy

@: petrified
A: large bone plates 2, ignite blood 2, spiny 1, no stealth, inability to use
devices, hated by all
a: Renounce Religion, Draw Out Power, Power Leap


You were on level 3 of the Lair of Beasts.
You worshipped Ru.
Ru was greatly pleased with you.
You visited 2 branches of the dungeon, and saw 11 of its levels.
You also visited: Ossuary.

You collected 615 gold pieces.

Inventory:

Hand Weapons
 a - a +3 vampiric war axe (weapon)
 b - a +1 morningstar of flaming
 c - a +1 shortbow of flaming
Missiles
 p - 45 poisoned darts (quivered)
 A - 40 arrows
 D - 3 atropa-tipped darts
 L - 5 silver javelins
Armour
 e - a +2 leather armour of poison resistance (worn)
 o - a +2 pair of gloves (worn)
 t - a +1 helmet (worn)
 u - a +1 cloak (worn)
 M - a +2 kite shield of protection
Magical Staves
 g - a staff of conjuration
Jewellery
 d - an amulet of faith (around neck)
 f - a ring of wizardry
 j - a ring of positive energy (right hand)
 l - an amulet of reflection
 E - a ring of see invisible
 F - a +6 ring of dexterity (left hand)
 J - an amulet of magic regeneration
Scrolls
 n - a scroll of blinking
 y - 4 scrolls of noise
 H - 2 scrolls of identify
 K - 5 scrolls of teleportation
Potions
 h - 3 potions of attraction
 i - a potion of resistance
 k - 5 potions of heal wounds
 m - 6 potions of curing
 q - a potion of cancellation
 r - a potion of berserk rage {unknown}
 s - a potion of magic {unknown}
 v - 5 potions of degeneration
 w - 3 potions of lignification
 x - a potion of ambrosia
 z - a potion of invisibility
 B - 2 potions of flight
 C - a potion of brilliance {unknown}
 G - a potion of mutation {unknown}


   Skills:
 + Level 10.5 Fighting
 * Level 12.9 Axes
 * Level 5.3 Armour
 - Level 2.6 Dodging
 * Level 5.4 Shields


You had 10 spell levels left.
You didn't know any spells.
Your spell library contained the following spells:

 Spells                   Type           Power      Damage    Failure   Level
 Pain                     Necr           0%         1d4       41%         1
 Vampiric Draining        Necr           0%         2d6       78%         3
 Agony                    Necr           0%         N/A       100%        5
 Animate Skeleton         Necr           Unusable   N/A       N/A         1
 Animate Dead             Necr           Unusable   N/A       N/A         4

Dungeon Overview and Level Annotations

Branches:
Dungeon (8/15)             Temple (0/1) D:7            Lair (3/6) D:8
  Swamp (0/4) Lair:3       Spider (0/4) Lair:3      Ossuary (visited)

Altars:
Okawaru
Ru
Trog

Shops:
D:4 !

Annotations:
Lair:1 2 transporters, Depop's ghost, novice DjWz


Innate Abilities, Weirdness & Mutations

You are mostly covered in large bone plates. (SH +6)
Your demonic aura often causes spilled blood to erupt in flames.
You are partially covered in sharp spines.
You cannot be stealthy.
You cannot study or use magical devices.
You are hated by all.


Message History

The hornet stings you but does no damage.
The wolf spider hits you! The wolf spider bites you.
The wyvern is struck by your spines. The wyvern bites you.
The hornet stings you!
The basilisk begins to attack, but is stunned by your conviction!
The wolf spider hits you!
The wolf spider bites you but does no damage.
The wyvern is stunned by your conviction and fails to attack.
The hornet is struck by your spines.
The hornet stings you but does no damage.
The wolf spider hits you!
The wolf spider bites you but does no damage.
The wyvern is struck by your spines. The wyvern bites you!
The hornet is struck by your spines.
The hornet stings you but does no damage.
You feel less exhausted. The wolf spider hits you!
* * * LOW HITPOINT WARNING * * *
The wolf spider bites you.
* * * LOW HITPOINT WARNING * * *
The wyvern bites you!
* * * LOW HITPOINT WARNING * * *
The hornet is struck by your spines. The hornet stings you.
* * * LOW HITPOINT WARNING * * *
The komodo dragon is struck by your spines.
The komodo dragon bites you.
* * * LOW HITPOINT WARNING * * *
The wolf spider is struck by your spines.
The wolf spider hits you.
* * * LOW HITPOINT WARNING * * *
The wolf spider bites you.
* * * LOW HITPOINT WARNING * * *
The wyvern is struck by your spines.
The wyvern bites you but does no damage.
The hornet stings you but does no damage.
The wolf spider is stunned by your conviction and fails to attack.
The wyvern bites you but does no damage.
The komodo dragon is struck by your spines.
The komodo dragon bites you!!
You die...

#..............^...........##
**,,,,.......................#
*,,,,,.............###..#...#.
**,,,,..........######.P###..#
*****##.................#P...
****,#..................#..#.
***,,**...........#...........#
***,,,,,,..P...l.†.##.......#..#.
,*,,,,,,,..P..Sy@†.##............
*,,,,,,,,.....lslF†#####P...#...#
,,,,,,,,,.....SSS...#*,#..###..##
,,,,,,,,,P............,.....,,...
,,,,,,,,,PP........>....,...,,...
,,,,,,,,,P.P.............,,,,,...
,,,,,,,,,.P..............,,,,,...
,,,,,,,,,.P...........#+.,,,,,...
*,,,,,,,,,...........##...,,*,...


You could see a wolf spider, a komodo dragon, a cane toad, a basilisk, a hornet,
a wyvern and 4 adders.

Vanquished Creatures
  Gastronok (Lair:2)
  A hydra (Lair:1)
  3 death yaks
  Pikel (D:6)
  A black mamba (Lair:1)
  2 cane toads
  A komodo dragon (Lair:2)
  A rime drake (Lair:2)
  8 blink frogs (Lair:3)
  13 yaks
  A wyvern (D:6)
  Eustachio (D:4)
  10 water moccasins
  2 sky beasts
  An ice beast (D:7)
  2 orc warriors
  A necrophage (D:5)
  2 centaurs
  A phantom (D:6)
  18 wolves
  Blork the orc (D:6)
  4 bullfrogs
  A gnoll sergeant (D:5)
  A scorpion (D:4)
  3 wyvern skeletons
  2 hounds (D:4)
  3 orc priests
  Crazy Yiuf (D:6)
  A gnoll shaman (D:8)
  An iguana (D:6)
  4 orc wizards
  A killer bee zombie (D:7)
  3 hound skeletons
  3 mummies (Ossuary)
  A howler monkey zombie (D:7)
  10 gnolls
  14 adders
  A shadow imp (D:7)
  5 white imps
  2 ufetubi
  2 adder zombies (Ossuary)
  3 worms (D:3)
  A dart slug (D:3)
  20 orcs
  5 ball pythons
  2 endoplasms
  4 giant cockroaches
  6 goblins
  8 hobgoblins
  4 jackals (D:5)
  2 quokkas
  3 bats
  3 frilled lizards
  A gnoll zombie (Ossuary)
  3 goblin zombies (Ossuary)
  5 hobgoblin zombies (Ossuary)
  4 kobolds
  5 quokka zombies (Ossuary)
  2 rats (D:1)
  2 rat zombies (Ossuary)
218 creatures vanquished.

Vanquished Creatures (others)
  A bullfrog skeleton (D:6)
  2 orcs
  A kobold (D:4)
  14 fungi
  31 plants
49 creatures vanquished.

Grand Total: 267 creatures vanquished

Notes
Turn   | Place    | Note
-------+----------+-------------------------------------------
     0 | D:1      | Glokmah the Demonspawn Monk began the quest for the Orb.
     0 | D:1      | Reached XP level 1. HP: 18/18 MP: 1/1
   153 | D:1      | Found a faded altar of an unknown god.
   157 | D:1      | Became a worshipper of Ru the Awakened
   175 | D:1      | Gained mutation: You cannot study or use magical devices.
                  | [Ru sacrifice]
   175 | D:1      | Reached * piety under Ru
   175 | D:1      | Reached ** piety under Ru
   180 | D:1      | Reached skill level 3 in Axes
   288 | D:1      | Gained mutation: Your demonic aura sometimes causes spilled
                  | blood to erupt in flames. [demonic ancestry]
   288 | D:1      | Reached XP level 2. HP: 23/24 MP: 2/2
  1455 | D:2      | Gained mutation: You are partially covered in large bone
                  | plates. (SH +4) [demonic ancestry]
  1455 | D:2      | Reached XP level 3. HP: 20/29 MP: 3/3
  1745 | D:2      | Found an iron altar of Okawaru.
  2617 | D:3      | Reached skill level 4 in Axes
  2634 | D:3      | Reached XP level 4. HP: 21/37 MP: 4/4
  3418 | D:4      | Found Hauth's Distillery.
  3573 | D:4      | Reached XP level 5. HP: 39/42 MP: 5/5
  3610 | D:4      | Gained mutation: You cannot be stealthy. [Ru sacrifice]
  3610 | D:4      | Reached *** piety under Ru
  4078 | D:4      | Noticed Eustachio
  4095 | D:4      | Killed Eustachio
  4096 | D:4      | Reached skill level 5 in Axes
  4096 | D:4      | Reached XP level 6. HP: 34/49 MP: 6/6
  4575 | D:4      | Reached skill level 5 in Fighting
  4702 | D:5      | Entered Level 5 of the Dungeon
  4756 | D:5      | Reached skill level 6 in Axes
  5005 | D:5      | Gained mutation: You are mostly covered in large bone
                  | plates. (SH +6) [demonic ancestry]
  5005 | D:5      | Reached XP level 7. HP: 29/56 MP: 7/7
  6021 | D:6      | Reached skill level 7 in Axes
  6023 | D:6      | Noticed a wyvern
  6025 | D:6      | Found a sand-covered staircase.
  6037 | D:6      | Killed a wyvern
  6038 | D:6      | Gained mutation: You are hated by all. [Ru sacrifice]
  6038 | D:6      | Reached **** piety under Ru
  6059 | Ossuary  | Entered an ossuary
  6553 | D:6      | Gained mutation: You are partially covered in sharp spines.
                  | [demonic ancestry]
  6553 | D:6      | Reached XP level 8. HP: 59/64 MP: 8/8
  6646 | D:6      | Noticed Pikel
  6658 | D:6      | Killed Pikel
  6659 | D:6      | Reached skill level 8 in Axes
  6753 | D:6      | Found a sacrificial altar of Ru.
  6866 | D:6      | Reached skill level 9 in Axes
  6869 | D:6      | Noticed Blork the orc
  6878 | D:6      | Killed Blork the orc
  7169 | D:6      | Found a runed translucent door.
  7170 | D:6      | Noticed Crazy Yiuf
  7174 | D:6      | Killed Crazy Yiuf
  7245 | D:6      | Reached XP level 9. HP: 57/72 MP: 9/9
  7761 | D:7      | Found a bloodstained altar of Trog.
  7911 | D:7      | Found a staircase to the Ecumenical Temple.
  8400 | D:8      | Noticed a death yak
  8401 | D:8      | Noticed a death yak
  8404 | D:8      | Noticed a death yak
  8407 | D:8      | Reached skill level 10 in Axes
  8528 | D:7      | Killed a death yak
  8837 | D:8      | Reached skill level 11 in Axes
  9054 | D:8      | Reached XP level 10. HP: 82/82 MP: 4/10
  9127 | D:8      | Found a staircase to the Lair.
  9144 | D:8      | Killed a death yak
  9148 | D:8      | Killed a death yak
  9650 | Lair:1   | Entered Level 1 of the Lair of Beasts
  9714 | Lair:1   | Noticed a cane toad
  9716 | Lair:1   | Noticed a black mamba
  9718 | Lair:1   | Noticed a seven-headed hydra
  9719 | Lair:1   | Noticed a cane toad
  9724 | Lair:1   | Noticed a cane toad
  9724 | Lair:1   | Noticed a five-headed hydra
  9727 | Lair:1   | Found a transporter.
  9730 | Lair:1   | Found a transporter.
  9742 | Lair:1   | Noticed Depop's ghost (novice DjWz)
  9889 | Lair:1   | Noticed a cane toad
  9894 | Lair:1   | Killed a cane toad
 10130 | Lair:1   | Reached skill level 12 in Axes
 10130 | Lair:1   | Reached skill level 1 in Armour
 10130 | Lair:1   | Reached skill level 1 in Shields
 10147 | Lair:1   | Noticed a four-headed hydra
 10153 | Lair:1   | Killed a four-headed hydra
 11198 | Lair:2   | Noticed a black mamba
 11214 | Lair:1   | Killed a black mamba
 11215 | Lair:1   | Gained mutation: Your demonic aura often causes spilled
                  | blood to erupt in flames. [demonic ancestry]
 11215 | Lair:1   | Reached XP level 11. HP: 80/90 MP: 11/11
 11230 | Lair:2   | Reached skill level 10 in Fighting
 11391 | Lair:2   | Noticed Gastronok
 11406 | Lair:2   | Killed Gastronok
 12525 | Lair:3   | Found a hole to the Spider Nest.
 12615 | Lair:3   | Reached skill level 5 in Armour
 12615 | Lair:3   | Reached skill level 5 in Shields
 12873 | Lair:3   | Noticed a wolf spider
 12886 | Lair:3   | Slain by a komodo dragon

Illustrated notes

Levels and vault maps discovered:
D:1:      dpeg_arrival_ternary, layout_basic, shapermc_ecumenical_altar_venn
D:2:      layout_loops_corners, basic_altar
D:3:      layout_basic, hangedman_feature_mirror
D:4:      layout_gridville, serial_shops, nicolae_shop_waterfront,
          uniq_eustachio
D:5:      layout_layer_cave, grunt_decor_clamped
D:6:      layout_rooms, nicolae_ru_great_annihilating_truth,
          nicolae_ossuary_entry_monument, uniq_blork_the_orc, uniq_pikel,
          uniq_crazy_yiuf_cottage
D:7:      layout_gridville, general_overflow_altar, minmay_temple_entry_ruins
D:8:      layout_gridville, dpeg_lair_monsters
Lair:1:   layout_small_grid, nzn_ghost_randoct, infiniplex_staircase_pool_2,
          lemuel_fruit_fields
Lair:2:   layout_chaotic_city, uniq_gastronok
Lair:3:   minmay_lair_venomous_thicket, layout_regular_city,
          minmay_swamp_entry_worms, dummy_spider_entry

Skill      XL: |  1  2  3  4  5  6  7  8  9 10 11 |
---------------+----------------------------------+-----
Axes           | 3 4 5 6 7 9 11 12 | 12.9
Fighting       | 4 5 6 7 8 9 10 | 10.5
Stealth        | 0 |  0.0
Armour         | 2 5 |  5.3
Shields        | 2 5 |  5.4
Dodging        | |  2.6

Action                   |  1- 3 |  4- 6 |  7- 9 | 10-12 || total
-------------------------+-------+-------+-------+-------++-------
Melee: Hand axe          |   139 |    27 |       |       ||   166
       War axe           |       |   105 |   208 |   183 ||   496
       Morningstar       |       |       |       |     3 ||     3
Invok: Sacrifice Artific |     1 |       |       |       ||     1
       Sacrifice Stealth |       |     1 |       |       ||     1
       Draw Out Power    |       |       |     2 |       ||     2
       Power Leap        |       |       |     8 |     8 ||    16
       Sacrifice Love    |       |       |     1 |       ||     1
       Reject Sacrifices |       |       |     1 |     1 ||     2
  Use: Scroll            |       |    10 |     9 |    10 ||    29
 Stab: Sleeping          |     4 |       |       |       ||     4
       Invisible         |     1 |     1 |     4 |     1 ||     7
       Distracted        |       |     1 |     1 |       ||     2
       Paralysed         |       |       |     2 |       ||     2
Armor: Ring mail         |    36 |     7 |       |       ||    43
       Robe              |     1 |       |       |       ||     1
       Scale mail        |       |     8 |       |       ||     8
       Leather armour    |       |    21 |    63 |    73 ||   157
Dodge: Dodged            |    67 |    77 |   109 |    88 ||   341
Block: Other             |    28 |    36 |    67 |    43 ||   174

Table legend: (Time is in decaauts)
 A = Elapsed time spent in this place.
 B = Non-inter-level travel time spent in this place.
 C = Inter-level travel time spent in this place.
 D = Time resting spent in this place.
 E = Time spent auto-exploring this place.
 F = Levels seen in this place.
 G = Mean time per level.
                   A        B        C        D        E       F      G
               +--------+--------+--------+--------+--------+-----+--------+
         Total |  12947 |  12042 |    905 |   1149 |   8754 |  12 | 1078.9 |
       Dungeon |   9398 |   8750 |    648 |    544 |   6672 |   8 | 1174.8 |
          Lair |   3225 |   2968 |    257 |    419 |   2082 |   3 | 1075.0 |
       Ossuary |    323 |    323 |      0 |    186 |      0 |   1 |  323.0 |
               +--------+--------+--------+--------+--------+-----+--------+

Top non-repeatable levels by time:
     D:4: 1412 daAuts
  Lair:1: 1375 daAuts
     D:6: 1314 daAuts
     D:5: 1271 daAuts
     D:2: 1237 daAuts
  Lair:2: 1221 daAuts
     D:1: 1084 daAuts
     D:3: 1061 daAuts
     D:8: 1046 daAuts
     D:7: 970 daAuts
  Lair:3: 628 daAuts
 Ossuary: 323 daAuts
